Map: Pillars of Gold LE

Players

MCanning

  • Race: Protoss Protoss
  • Spawn Location: 7:00

Future - Winner!

  • Race: Terran Terran
  • Spawn Location: 1:00

Event: DreamHack SC2 Masters 2020 Winter

VOD

Have the link to the VOD?

Description

Time

  • Played on: Oct. 29, 2020, 6:16 p.m.
  • Length: 17:11

All games in this series

Show
View Real Time Build Order
Export as new Build Order

MCanning Protoss 

Build Orders: 1 Gate Expand, Phoenix Opening, Colossus Rush 

Get SALT Encoding   

  12  0:00  Probe  
  13  0:12  Probe  
  14  0:17  Pylon  
  14  0:24  Probe  
  15  0:36  Probe (Chrono Boost)  
  15  0:39  Gateway  
  16  0:47  Assimilator  
  16  0:48  Probe (Chrono Boost)  
  17  0:53  Probe (Chrono Boost)  
  18  1:03  Probe  
  19  1:15  Probe  
  20  1:26  Nexus  
  21  1:35  Cybernetics Core  
  21  1:38  Probe  
  21  1:48  Pylon  
  21  1:50  Probe  
  21  1:53  Assimilator  
  22  2:03  Probe  
  23  2:09  Adept (Chrono Boost)  
  23  2:15  Probe  
  26  2:24  Stargate  
  26  2:27  Probe  
  27  2:32  Stalker (Chrono Boost)  
  29  2:38  Probe  
  29  2:39  Probe  
  29  2:43  Warp Gate  
  31  2:51  Probe x2  
  33  3:03  Probe x2  
  35  3:06  Pylon  
  35  3:07  Phoenix (Chrono Boost)  
  37  3:15  Probe x2  
  39  3:24  Phoenix (Chrono Boost)  
  41  3:27  Probe x2  
  41  3:32  Gateway  
  43  3:38  Gateway  
  43  3:39  Probe  
  44  3:41  Phoenix (Chrono Boost)  
  44  3:45  Probe  
  47  3:51  Pylon, Probe  
  48  4:01  Robotics Facility  
  48  4:03  Assimilator  
  48  4:04  Probe  
  48  4:07  Assimilator, Probe  
  50  4:14  Phoenix  
  50  4:16  Probe  
  53  4:19  Probe  
  53  4:21  Pylon  
  54  4:28  Probe  
  55  4:31  Probe  
  55  4:38  Forge, Gateway  
  56  4:39  Sentry  
  56  4:40  Probe  
  56  4:44  Probe  
  60  4:50  Robotics Bay  
  60  4:55  Immortal (Chrono Boost)  
  64  5:09  Nexus  
  64  5:13  Probe  
  65  5:18  Pylon, Protoss Ground Weapons Level 1  
  65  5:26  Sentry  
  67  5:30  Gateway  
  67  5:33  Colossus (Chrono Boost)  
  67  5:36  Pylon  
  67  5:41  Extended Thermal Lance (Chrono Boost), Shield Battery  
  73  5:46  Probe  
  74  5:52  Shield Battery  
  74  5:54  Probe  
  75  6:01  Pylon  
  75  6:03  Probe  
  76  6:12  Colossus (Chrono Boost)  
  76  6:14  Pylon  
  76  6:16  Probe  
  83  6:19  Probe  
  83  6:20  Twilight Council  
  83  6:21  Probe  
  83  6:27  Zealot  
  83  6:29  Stalker  
  83  6:30  Sentry  
  89  6:33  Adept  
  91  6:47  Adept  
  91  6:48  Probe  
  91  6:50  Pylon, Zealot  
  91  6:51  Pylon  
  91  6:56  Disruptor (Chrono Boost)  
  91  7:00  Probe  
  89  7:02  Zealot x3  
  89  7:03  Probe  
  96  7:13  Phoenix  
  96  7:15  Charge (Chrono Boost)  
  90  7:19  Probe (Chrono Boost)  
  92  7:22  Probe (Chrono Boost)  
  92  7:23  Gateway  
  93  7:34  Observer, Probe (Chrono Boost)  
  93  7:36  Photon Cannon, Probe (Chrono Boost)  
  95  7:37  Probe (Chrono Boost)  
  95  7:39  Shield Battery  
  96  7:45  Dark Shrine  
  96  7:50  Protoss Ground Armor Level 1 (Chrono Boost)  
  96  7:55  Disruptor  
  96  7:56  Probe  
  96  7:57  Assimilator  
  100  8:00  Photon Cannon  
  100  8:03  Assimilator  
  100  8:07  Forge  
  100  8:08  Probe  
  100  8:10  Zealot  
  100  8:11  Stalker, Zealot  
  105  8:13  Probe  
  105  8:17  Pylon  
  104  8:20  Probe  
  104  8:24  Probe  
  104  8:25  Blink (Chrono Boost)  
  106  8:29  Probe  
  106  8:31  Pylon, Disruptor  
  110  8:38  Stalker x2  
  110  8:40  Zealot  
  112  8:56  Probe  
  112  8:57  Pylon  
  112  8:58  Protoss Ground Weapons Level 2 (Chrono Boost)  
  112  8:59  Dark Templar  
  112  9:01  Zealot x2  
  119  9:05  Dark Templar  
  119  9:06  Disruptor  
  124  9:13  Stalker  
  124  9:14  Stalker  
  128  9:19  Gateway  
  126  9:34  Zealot x3  
  126  9:36  Nexus  
  130  9:39  Dark Templar  
  130  9:42  Disruptor  
  131  9:48  Zealot  
  131  9:49  Zealot  
  133  9:55  Zealot x3  
  123  10:18  Disruptor (Chrono Boost), Zealot x4  
  123  10:19  Zealot x3  
  108  10:30  Protoss Ground Armor Level 2 (Chrono Boost)  
  100  10:38  Pylon  
  100  10:43  Stalker x3  
  100  10:49  Dark Templar x2, Robotics Facility  
  110  10:50  Dark Templar  
  110  10:52  Disruptor (Chrono Boost)  
  110  10:53  Archon  
  114  11:02  Zealot  
  116  11:07  Probe  
  116  11:08  Zealot x3  
  123  11:14  Disruptor (Chrono Boost)  
  119  11:27  Dark Templar x2  
  119  11:30  Zealot x4  
  131  11:42  Protoss Ground Weapons Level 3 (Chrono Boost)  
  131  11:44  Dark Templar  
  131  11:45  Nexus  
  129  11:55  Pylon  
  129  11:56  Dark Templar  
  131  12:01  Assimilator  
  131  12:04  Dark Templar x2  
  135  12:08  Archon  
  121  12:24  Zealot x2  
  121  12:25  Disruptor, Zealot x2  
  127  12:32  Colossus (Chrono Boost)  
  127  12:37  Zealot x3  
  129  12:48  Stalker x3  
  129  12:54  Probe  
  128  13:03  Dark Templar  
  128  13:04  Probe  
  131  13:07  Nexus  
  131  13:08  Pylon  
  131  13:09  Stalker x3  
  131  13:12  Dark Templar  
  139  13:25  Probe  
  139  13:27  Dark Templar  
  145  13:29  Disruptor (Chrono Boost)  
  145  13:33  Zealot x3  
  151  13:36  Dark Templar  
  151  13:38  Zealot  
  151  13:41  Probe  
  156  13:45  Disruptor (Chrono Boost)  
  141  13:56  Zealot x2  
  141  13:57  Zealot x2  
  134  14:08  Dark Templar  
  132  14:13  Disruptor (Chrono Boost)  
  132  14:14  Zealot x2  
  132  14:23  Dark Templar  
  132  14:24  Probe  
  127  14:27  Probe x2  
  121  14:34  Dark Templar  
  123  14:42  Phoenix (Chrono Boost)  
  125  14:51  Probe  
  124  15:02  Zealot x5  
  134  15:07  Dark Templar  
  134  15:11  Probe  
  137  15:14  Probe  
  138  15:21  Assimilator  
  138  15:25  Assimilator  
  138  15:26  Dark Templar  
  140  15:44  Nexus  
  114  15:59  Zealot x4  
  120  16:10  Zealot x2  
  119  16:24  Dark Templar x2  
  119  16:25  Dark Templar  
  102  16:34  Zealot x3  
  102  16:35  Probe  
  68  16:57  Zealot x2  
  68  16:58  Zealot x3  
Show
View Real Time Build Order
Export as new Build Order

Future Terran - Winner!

Build Orders:  

Get SALT Encoding   

  12  0:00  SCV  
  13  0:12  SCV  
  14  0:17  Supply Depot  
  14  0:24  SCV  
  15  0:39  SCV  
  15  0:40  Barracks  
  16  0:44  Refinery  
  16  0:51  SCV  
  17  1:03  SCV  
  18  1:15  SCV  
  19  1:27  Marine, Orbital Command  
  20  1:44  Command Center  
  20  1:53  SCV  
  21  1:59  Factory  
  21  2:04  Barracks Reactor  
  21  2:05  SCV  
  22  2:12  Supply Depot  
  22  2:17  SCV  
  22  2:19  Refinery  
  23  2:34  SCV  
  24  2:40  Marine x2  
  24  2:43  Starport  
  26  2:46  SCV  
  26  2:47  Factory Tech Lab  
  27  2:56  Orbital Command  
  27  2:58  Marine x2, SCV  
  30  3:08  Cyclone  
  30  3:10  SCV  
  34  3:17  Barracks  
  34  3:22  SCV  
  34  3:23  SCV  
  36  3:30  Barracks  
  36  3:34  SCV  
  36  3:35  SCV  
  38  3:43  Supply Depot  
  38  3:46  SCV  
  38  3:47  SCV, Factory Tech Lab  
  40  3:50  Viking  
  40  3:51  Marine  
  40  3:53  Marine  
  44  3:58  SCV  
  44  3:59  SCV  
  46  4:05  Engineering Bay  
  46  4:10  Supply Depot  
  46  4:11  SCV x2  
  46  4:12  Stimpack  
  46  4:14  Marine  
  46  4:16  Marine  
  50  4:23  Factory Reactor, Starport Reactor  
  50  4:24  SCV x2  
  50  4:30  Factory Tech Lab  
  52  4:32  Refinery, Terran Infantry Weapons Level 1  
  52  4:35  Marine x2  
  52  4:36  Marine, SCV x2  
  52  4:38  Marine  
  58  4:42  Supply Depot  
  58  4:44  Supply Depot  
  58  4:48  SCV x2  
  60  4:56  Combat Shield  
  60  5:00  SCV  
  60  5:01  SCV  
  60  5:03  Marine x2, Siege Tank  
  60  5:06  Marauder  
  60  5:07  Marauder  
  71  5:10  Supply Depot  
  71  5:13  SCV x2  
  73  5:16  Supply Depot  
  73  5:23  Marine x2  
  73  5:25  SCV  
  73  5:28  Refinery  
  78  5:31  Medivac x2  
  78  5:32  Marine  
  78  5:33  Marine  
  82  5:39  Supply Depot  
  82  5:40  Supply Depot  
  82  5:45  Siege Tank  
  82  5:48  Marine x2  
  87  5:51  Marauder x2  
  87  5:56  Concussive Shells  
  91  6:03  Supply Depot x2  
  91  6:06  Marine x2  
  93  6:12  Marine x2  
  93  6:17  Siege Tank  
  98  6:22  Command Center  
  98  6:25  SCV x2  
  100  6:28  Marine x2  
  100  6:29  Medivac x2  
  106  6:36  Terran Infantry Armor Level 1  
  106  6:37  SCV x2  
  106  6:49  SCV x2  
  106  6:51  Barracks x2  
  99  7:01  SCV  
  99  7:02  SCV  
  99  7:06  Marauder  
  79  7:16  SCV x2  
  79  7:19  Marauder, Marine x2  
  79  7:22  Siege Tank  
  88  7:27  Marauder  
  88  7:28  SCV x2  
  88  7:29  Viking x2  
  96  7:35  Orbital Command  
  93  7:40  Barracks Tech Lab, Barracks Reactor  
  93  7:42  Marine x2  
  93  7:44  Marauder  
  97  7:48  Marauder  
  99  7:54  Siege Tank  
  99  7:58  Supply Depot  
  102  7:59  Marauder, Viking x2  
  102  8:00  Refinery  
  102  8:05  Marauder  
  109  8:09  Marine x2  
  109  8:10  Marauder  
  113  8:16  SCV  
  113  8:17  SCV x2  
  116  8:20  Marauder  
  116  8:21  Supply Depot  
  116  8:22  Supply Depot  
  116  8:23  Marine x2  
  116  8:26  Siege Tank, Marauder  
  125  8:27  Marine x2  
  125  8:30  Viking x2  
  125  8:31  Marauder  
  125  8:34  Supply Depot  
  133  8:36  Missile Turret  
  133  8:41  Marauder  
  133  8:42  Marine x2  
  133  8:43  Missile Turret  
  133  8:48  Marauder  
  139  8:50  Supply Depot  
  139  8:53  Marauder  
  141  8:58  Siege Tank  
  141  9:00  Viking x2  
  148  9:03  Marauder  
  148  9:04  Marine x4  
  148  9:07  Ghost Academy  
  148  9:09  Marauder  
  156  9:14  Marauder  
  160  9:24  Marauder  
  160  9:25  Armory, Marine x4  
  160  9:27  Engineering Bay  
  160  9:31  Marauder, Refinery  
  166  9:33  Siege Tank  
  166  9:35  Marauder, Viking  
  169  9:46  Marauder  
  169  9:52  Missile Turret, Viking  
  171  10:04  SCV x2  
  171  10:05  Siege Tank  
  171  10:06  SCV  
  173  10:07  Command Center  
  157  10:15  Marauder  
  157  10:20  Marauder  
  157  10:21  Marauder  
  140  10:31  Marine x3  
  137  10:37  Marauder, Siege Tank  
  137  10:38  Medivac x2  
  137  10:42  Marauder x2  
  150  10:43  SCV x2  
  150  10:45  Marine  
  150  10:48  Marine  
  154  10:58  Marauder  
  154  11:03  Marauder x2  
  160  11:09  Siege Tank, Medivac x2  
  164  11:19  Marauder  
  164  11:25  Marauder x2, Marine  
  164  11:33  Terran Infantry Weapons Level 2  
  164  11:34  Terran Infantry Armor Level 2  
  164  11:35  SCV x3  
  167  11:41  Marauder  
  169  11:47  Siege Tank  
  172  11:55  Medivac x2  
  172  11:58  Marauder x2, Marine x4  
  184  12:02  Marauder  
  184  12:08  Barracks  
  186  12:09  Barracks x2, Planetary Fortress  
  183  12:18  Missile Turret  
  183  12:20  Marauder x2  
  167  12:26  SCV x2  
  167  12:27  SCV  
  167  12:28  Siege Tank  
  150  12:38  SCV  
  150  12:39  SCV x2  
  143  12:47  SCV  
  143  12:50  SCV  
  143  12:51  SCV x2  
  140  12:59  SCV  
  140  13:00  Siege Tank  
  140  13:03  SCV x3  
  140  13:05  Barracks Tech Lab x2  
  147  13:06  Barracks Tech Lab  
  147  13:11  SCV  
  148  13:15  SCV x2  
  148  13:16  SCV, Missile Turret  
  148  13:18  Missile Turret  
  151  13:22  Sensor Tower  
  151  13:23  SCV  
  153  13:27  SCV x2, Sensor Tower  
  153  13:33  SCV  
  155  13:35  Marauder x2  
  155  13:39  Siege Tank  
  161  13:42  SCV  
  161  13:47  SCV  
  131  13:59  SCV x2  
  131  14:01  SCV  
  122  14:11  SCV x2, Siege Tank  
  127  14:27  Medivac  
  127  14:34  Medivac  
  127  14:36  Marauder x2  
  128  14:45  Marauder  
  128  14:46  Marauder, Marine x4  
  128  14:48  Marine  
  133  14:54  Siege Tank  
  136  15:04  Marine  
  136  15:05  Marine x3  
  140  15:18  Marauder x3  
  140  15:19  Marauder  
  148  15:24  Marauder  
  148  15:27  Marine x2  
  152  15:29  Marine  
  152  15:34  Marauder  
  151  15:46  Marauder  
  151  15:47  Marauder x2  
  157  15:54  Siege Tank  
  154  15:59  Marauder x2  
  153  16:13  SCV x3  
  151  16:25  SCV x2  
  149  16:26  SCV, Marauder  
  149  16:28  Marauder  
  149  16:31  Marauder  
  148  16:50  Marauder  
  148  16:51  Marine x2  
Tags
 
Add a new tag
Caveats
  • Supply blocks, unpowered buildings, or Contaminate may cause inaccurate times.
  • Supply counts are checked every 10 seconds.